Workbook

Sheet BG
A2: Mois / Société | B2: n° | C2: Lib | D2: FY20 | E2: FY21 | F2: FY22
A3: 7 | B3: 101000 | C3: CAPITAL | D3: {=INDEX(Base!$B$4:$AX$473,MATCH($B3,Base!$B$4:$B$473,0),MATCH(D$2&$A3,Base!$C$2:$AX$2&Base!$C$3:$AX$3,0))} -> -1040 | E3: {=INDEX(Base!$B$4:$AX$473,MATCH($B3,Base!$B$4:$B$473,0),MATCH(E$2&$A3,Base!$C$2:$AX$2&Base!$C$3:$AX$3,0))} -> -1040 | F3: {=INDEX(Base!$B$4:$AX$473,MATCH($B3,Base!$B$4:$B$473,0),MATCH(F$2&$A3,Base!$C$2:$AX$2&Base!$C$3:$AX$3,0))} -> -1040
A4: 7 | B4: 106110 | C4: RESERVE LEGALE | D4: {=INDEX(Base!$B$4:$AX$473,MATCH($B4,Base!$B$4:$B$473,0),MATCH(D$2&$A4,Base!$C$2:$AX$2&Base!$C$3:$AX$3,0))} -> -104 | E4: {=INDEX(Base!$B$4:$AX$473,MATCH($B4,Base!$B$4:$B$473,0),MATCH(E$2&$A4,Base!$C$2:$AX$2&Base!$C$3:$AX$3,0))} -> -104 | F4: {=INDEX(Base!$B$4:$AX$473,MATCH($B4,Base!$B$4:$B$473,0),MATCH(F$2&$A4,Base!$C$2:$AX$2&Base!$C$3:$AX$3,0))} -> -104
A5: 7 | B5: 106800 | C5: AUTRES RESERVES | D5: {=INDEX(Base!$B$4:$AX$473,MATCH($B5,Base!$B$4:$B$473,0),MATCH(D$2&$A5,Base!$C$2:$AX$2&Base!$C$3:$AX$3,0))} -> -2728.1867 | E5: {=INDEX(Base!$B$4:$AX$473,MATCH($B5,Base!$B$4:$B$473,0),MATCH(E$2&$A5,Base!$C$2:$AX$2&Base!$C$3:$AX$3,0))} -> -2944.1304 | F5: {=INDEX(Base!$B$4:$AX$473,MATCH($B5,Base!$B$4:$B$473,0),MATCH(F$2&$A5,Base!$C$2:$AX$2&Base!$C$3:$AX$3,0))} -> -3112.9998
A6: 7 | B6: 120000 | C6: RESULTAT | D6: {=INDEX(Base!$B$4:$AX$473,MATCH($B6,Base!$B$4:$B$473,0),MATCH(D$2&$A6,Base!$C$2:$AX$2&Base!$C$3:$AX$3,0))} -> -760.24466 | E6: {=INDEX(Base!$B$4:$AX$473,MATCH($B6,Base!$B$4:$B$473,0),MATCH(E$2&$A6,Base!$C$2:$AX$2&Base!$C$3:$AX$3,0))} -> -341.69732 | F6: {=INDEX(Base!$B$4:$AX$473,MATCH($B6,Base!$B$4:$B$473,0),MATCH(F$2&$A6,Base!$C$2:$AX$2&Base!$C$3:$AX$3,0))} -> -532.79962
A7: 7 | B7: 131100 | C7: SUBVENTIONS D'EQUIPEMENT | D7: {=INDEX(Base!$B$4:$AX$473,MATCH($B7,Base!$B$4:$B$473,0),MATCH(D$2&$A7,Base!$C$2:$AX$2&Base!$C$3:$AX$3,0))} -> -68.327 | E7: {=INDEX(Base!$B$4:$AX$473,MATCH($B7,Base!$B$4:$B$473,0),MATCH(E$2&$A7,Base!$C$2:$AX$2&Base!$C$3:$AX$3,0))} -> -68.327 | F7: {=INDEX(Base!$B$4:$AX$473,MATCH($B7,Base!$B$4:$B$473,0),MATCH(F$2&$A7,Base!$C$2:$AX$2&Base!$C$3:$AX$3,0))} -> -68.327
A8: 7 | B8: 139100 | C8: SUBVENTIONS D'EQUIPEMENT INSCRITES AU RESULTAT | D8: {=INDEX(Base!$B$4:$AX$473,MATCH($B8,Base!$B$4:$B$473,0),MATCH(D$2&$A8,Base!$C$2:$AX$2&Base!$C$3:$AX$3,0))} -> 47.82862 | E8: {=INDEX(Base!$B$4:$AX$473,MATCH($B8,Base!$B$4:$B$473,0),MATCH(E$2&$A8,Base!$C$2:$AX$2&Base!$C$3:$AX$3,0))} -> 52.38374 | F8: {=INDEX(Base!$B$4:$AX$473,MATCH($B8,Base!$B$4:$B$473,0),MATCH(F$2&$A8,Base!$C$2:$AX$2&Base!$C$3:$AX$3,0))} -> 56.93886
A9: 7 | B9: 145000 | C9: AMORTISSEMENTS DEROGATOIRES | D9: {=INDEX(Base!$B$4:$AX$473,MATCH($B9,Base!$B$4:$B$473,0),MATCH(D$2&$A9,Base!$C$2:$AX$2&Base!$C$3:$AX$3,0))} -> -711.44743 | E9: {=INDEX(Base!$B$4:$AX$473,MATCH($B9,Base!$B$4:$B$473,0),MATCH(E$2&$A9,Base!$C$2:$AX$2&Base!$C$3:$AX$3,0))} -> -718.78463 | F9: {=INDEX(Base!$B$4:$AX$473,MATCH($B9,Base!$B$4:$B$473,0),MATCH(F$2&$A9,Base!$C$2:$AX$2&Base!$C$3:$AX$3,0))} -> -746.50927
A10: 7 | B10: 164210 | C10: EMPRUNT BP MACON | D10: {=INDEX(Base!$B$4:$AX$473,MATCH($B10,Base!$B$4:$B$473,0),MATCH(D$2&$A10,Base!$C$2:$AX$2&Base!$C$3:$AX$3,0))} -> -92.5088 | E10: {=INDEX(Base!$B$4:$AX$473,MATCH($B10,Base!$B$4:$B$473,0),MATCH(E$2&$A10,Base!$C$2:$AX$2&Base!$C$3:$AX$3,0))} -> -24.21568 | F10: {=INDEX(Base!$B$4:$AX$473,MATCH($B10,Base!$B$4:$B$473,0),MATCH(F$2&$A10,Base!$C$2:$AX$2&Base!$C$3:$AX$3,0))} -> -1018.1211
A11: 7 | B11: 164240 | C11: EMPRUNT SMC SEPT 2018 | D11: {=INDEX(Base!$B$4:$AX$473,MATCH($B11,Base!$B$4:$B$473,0),MATCH(D$2&$A11,Base!$C$2:$AX$2&Base!$C$3:$AX$3,0))} -> -67.16361 | E11: {=INDEX(Base!$B$4:$AX$473,MATCH($B11,Base!$B$4:$B$473,0),MATCH(E$2&$A11,Base!$C$2:$AX$2&Base!$C$3:$AX$3,0))} -> -56.64172 | F11: {=INDEX(Base!$B$4:$AX$473,MATCH($B11,Base!$B$4:$B$473,0),MATCH(F$2&$A11,Base!$C$2:$AX$2&Base!$C$3:$AX$3,0))} -> -46.03532
A12: 7 | B12: 164270 | C12: EMPRUNT LCL 1 500 000 € JANV 2020 | D12: {=INDEX(Base!$B$4:$AX$473,MATCH($B12,Base!$B$4:$B$473,0),MATCH(D$2&$A12,Base!$C$2:$AX$2&Base!$C$3:$AX$3,0))} -> 0 | E12: {=INDEX(Base!$B$4:$AX$473,MATCH($B12,Base!$B$4:$B$473,0),MATCH(E$2&$A12,Base!$C$2:$AX$2&Base!$C$3:$AX$3,0))} -> -1000 | F12: {=INDEX(Base!$B$4:$AX$473,MATCH($B12,Base!$B$4:$B$473,0),MATCH(F$2&$A12,Base!$C$2:$AX$2&Base!$C$3:$AX$3,0))} -> 0
A13: 7 | B13: 168842 | C13: INTERETS COURUS S/EMPRUNT ETABLIS CREDIT | D13: {=INDEX(Base!$B$4:$AX$473,MATCH($B13,Base!$B$4:$B$473,0),MATCH(D$2&$A13,Base!$C$2:$AX$2&Base!$C$3:$AX$3,0))} -> -0.14 | E13: {=INDEX(Base!$B$4:$AX$473,MATCH($B13,Base!$B$4:$B$473,0),MATCH(E$2&$A13,Base!$C$2:$AX$2&Base!$C$3:$AX$3,0))} -> -0.058 | F13: {=INDEX(Base!$B$4:$AX$473,MATCH($B13,Base!$B$4:$B$473,0),MATCH(F$2&$A13,Base!$C$2:$AX$2&Base!$C$3:$AX$3,0))} -> -0.013
A14: 7 | B14: 205100 | C14: LOGICIELS INFORMATIQUES | D14: {=INDEX(Base!$B$4:$AX$473,MATCH($B14,Base!$B$4:$B$473,0),MATCH(D$2&$A14,Base!$C$2:$AX$2&Base!$C$3:$AX$3,0))} -> 107.45277 | E14: {=INDEX(Base!$B$4:$AX$473,MATCH($B14,Base!$B$4:$B$473,0),MATCH(E$2&$A14,Base!$C$2:$AX$2&Base!$C$3:$AX$3,0))} -> 97.44902 | F14: {=INDEX(Base!$B$4:$AX$473,MATCH($B14,Base!$B$4:$B$473,0),MATCH(F$2&$A14,Base!$C$2:$AX$2&Base!$C$3:$AX$3,0))} -> 99.22231
... A472: 7 | B472: 791260 | C472: REMBOURSEMENTS ASSURANCE | D472: {=INDEX(Base!$B$4:$AX$473,MATCH($B472,Base!$B$4:$B$473,0),MATCH(D$2&$A472,Base!$C$2:$AX$2&Base!$C$3:$AX$3,0))} -> 0 | E472: {=INDEX(Base!$B$4:$AX$473,MATCH($B472,Base!$B$4:$B$473,0),MATCH(E$2&$A472,Base!$C$2:$AX$2&Base!$C$3:$AX$3,0))} -> 0 | F472: {=INDEX(Base!$B$4:$AX$473,MATCH($B472,Base!$B$4:$B$473,0),MATCH(F$2&$A472,Base!$C$2:$AX$2&Base!$C$3:$AX$3,0))} -> 0

Sheet Base
B2: Année | C2: FY19 | D2: FY19 | E2: FY19 | F2: FY19 | G2: FY19 | H2: FY19 | I2: FY19 | J2: FY19 | K2: FY19 | L2: FY19 | M2: FY19 | N2: FY19 | O2: FY20 | P2: FY20 | Q2: FY20 | R2: FY20 | S2: FY20 | T2: FY20 | U2: FY20 | V2: FY20 | W2: FY20 | X2: FY20 | Y2: FY20 | Z2: FY20 | AA2: FY21 | AB2: FY21 | AC2: FY21 | AD2: FY21 | AE2: FY21 | AF2: FY21 | AG2: FY21 | AH2: FY21 | AI2: FY21 | AJ2: FY21 | AK2: FY21 | AL2: FY21 | AM2: FY22 | AN2: FY22 | AO2: FY22 | AP2: FY22 | AQ2: FY22 | AR2: FY22 | AS2: FY22 | AT2: FY22 | AU2: FY22 | AV2: FY22 | AW2: FY22 | AX2: FY22
B3: Mois | C3: 7 | D3: 8 | E3: 9 | F3: 10 | G3: 11 | H3: 12 | I3: 1 | J3: 2 | K3: 3 | L3: 4 | M3: 5 | N3: 6 | O3: 7 | P3: 8 | Q3: 9 | R3: 10 | S3: 11 | T3: 12 | U3: 1 | V3: 2 | W3: 3 | X3: 4 | Y3: 5 | Z3: 6 | AA3: 7 | AB3: 8 | AC3: 9 | AD3: 10 | AE3: 11 | AF3: 12 | AG3: 1 | AH3: 2 | AI3: 3 | AJ3: 4 | AK3: 5 | AL3: 6 | AM3: 7 | AN3: 8 | AO3: 9 | AP3: 10 | AQ3: 11 | AR3: 12 | AS3: 1 | AT3: 2 | AU3: 3 | AV3: 4 | AW3: 5 | AX3: 6
B4: 101000 | C4: -1040 | D4: -1040 | E4: -1040 | F4: -1040 | G4: -1040 | H4: -1040 | I4: -1040 | J4: -1040 | K4: -1040 | L4: -1040 | M4: -1040 | N4: -1040 | O4: -1040 | P4: -1040 | Q4: -1040 | R4: -1040 | S4: -1040 | T4: -1040 | U4: -1040 | V4: -1040 | W4: -1040 | X4: -1040 | Y4: -1040 | Z4: -1040 | AA4: -1040 | AB4: -1040 | AC4: -1040 | AD4: -1040 | AE4: -1040 | AF4: -1040 | AG4: -1040 | AH4: -1040 | AI4: -1040 | AJ4: -1040 | AK4: -1040 | AL4: -1040 | AM4: -1040 | AN4: -1040 | AO4: -1040 | AP4: -1040 | AQ4: -1040 | AR4: -1040 | AS4: -1040 | AT4: -1040 | AU4: -1040 | AV4: -1040 | AW4: -1040 | AX4: -1040
B5: 106110 | C5: -104 | D5: -104 | E5: -104 | F5: -104 | G5: -104 | H5: -104 | I5: -104 | J5: -104 | K5: -104 | L5: -104 | M5: -104 | N5: -104 | O5: -104 | P5: -104 | Q5: -104 | R5: -104 | S5: -104 | T5: -104 | U5: -104 | V5: -104 | W5: -104 | X5: -104 | Y5: -104 | Z5: -104 | AA5: -104 | AB5: -104 | AC5: -104 | AD5: -104 | AE5: -104 | AF5: -104 | AG5: -104 | AH5: -104 | AI5: -104 | AJ5: -104 | AK5: -104 | AL5: -104 | AM5: -104 | AN5: -104 | AO5: -104 | AP5: -104 | AQ5: -104 | AR5: -104 | AS5: -104 | AT5: -104 | AU5: -104 | AV5: -104 | AW5: -104 | AX5: -104
B6: 106800 | C6: -2165.8238 | D6: -2165.8238 | E6: -2165.8238 | F6: -2165.8238 | G6: -2165.8238 | H6: -2728.1867 | I6: -2728.1867 | J6: -2728.1867 | K6: -2728.1867 | L6: -2728.1867 | M6: -2728.1867 | N6: -2728.1867 | O6: -2728.1867 | P6: -2728.1867 | Q6: -2728.1867 | R6: -2728.1867 | S6: -2728.1867 | T6: -2944.1304 | U6: -2944.1304 | V6: -2944.1304 | W6: -2944.1304 | X6: -2944.1304 | Y6: -2944.1304 | Z6: -2944.1304 | AA6: -2944.1304 | AB6: -2944.1304 | AC6: -2944.1304 | AD6: -2944.1304 | AE6: -2944.1304 | AF6: -3112.9998 | AG6: -3112.9998 | AH6: -3112.9998 | AI6: -3112.9998 | AJ6: -3112.9998 | AK6: -3112.9998 | AL6: -3112.9998 | AM6: -3112.9998 | AN6: -3112.9998 | AO6: -3112.9998 | AP6: -3112.9998 | AQ6: -3112.9998 | AR6: -3617.1171 | AS6: -3617.1171 | AT6: -3617.1171 | AU6: -3617.1171 | AV6: -3617.1171 | AW6: -3617.1171 | AX6: -3617.1171
B7: 120000 | C7: -562.36291 | D7: -359.48898 | E7: 191.46484 | F7: -684.26225 | G7: -5.79209 | H7: 529.24576 | I7: -217.08836 | J7: 416.77475 | K7: 236.95035 | L7: -610.13512 | M7: -356.12092 | N7: -760.24466 | O7: -640.94364 | P7: -804.85868 | Q7: -452.98306 | R7: -850.03393 | S7: -396.91084 | T7: 111.57384 | U7: -353.48036 | V7: 271.34653 | W7: -60.66315 | X7: -591.86381 | Y7: 6.47679 | Z7: -341.69732 | AA7: -593.86943 | AB7: -431.24777 | AC7: -105.51667 | AD7: -897.82937 | AE7: -199.57974 | AF7: 399.90461 | AG7: -313.43294 | AH7: 526.1244 | AI7: 301.02416 | AJ7: -726.4406 | AK7: -448.46794 | AL7: -532.79962 | AM7: -929.11727 | AN7: -568.49684 | AO7: -326.05898 | AP7: -1440.3406 | AQ7: -727.37868 | AR7: 88.25714 | AS7: -700.20069 | AT7: 374.45324 | AU7: -22.93248 | AV7: -1329.1646 | AW7: -720.69111 | AX7: -820.11348
B8: 131100 | C8: -68.327 | D8: -68.327 | E8: -68.327 | F8: -68.327 | G8: -68.327 | H8: -68.327 | I8: -68.327 | J8: -68.327 | K8: -68.327 | L8: -68.327 | M8: -68.327 | N8: -68.327 | O8: -68.327 | P8: -68.327 | Q8: -68.327 | R8: -68.327 | S8: -68.327 | T8: -68.327 | U8: -68.327 | V8: -68.327 | W8: -68.327 | X8: -68.327 | Y8: -68.327 | Z8: -68.327 | AA8: -68.327 | AB8: -68.327 | AC8: -68.327 | AD8: -68.327 | AE8: -68.327 | AF8: -68.327 | AG8: -68.327 | AH8: -68.327 | AI8: -68.327 | AJ8: -68.327 | AK8: -68.327 | AL8: -68.327 | AM8: -68.327 | AN8: -68.327 | AO8: -68.327 | AP8: -68.327 | AQ8: -68.327 | AR8: -68.327 | AS8: -68.327 | AT8: -68.327 | AU8: -68.327 | AV8: -68.327 | AW8: -68.327 | AX8: -68.327
B9: 139100 | C9: 43.2735 | D9: 43.2735 | E9: 44.41228 | F9: 44.41228 | G9: 44.41228 | H9: 45.55106 | I9: 45.55106 | J9: 45.55106 | K9: 46.68984 | L9: 46.68984 | M9: 46.68984 | N9: 47.82862 | O9: 47.82862 | P9: 47.82862 | Q9: 48.9674 | R9: 48.9674 | S9: 48.9674 | T9: 50.10618 | U9: 50.10618 | V9: 50.10618 | W9: 51.24496 | X9: 51.24496 | Y9: 51.24496 | Z9: 52.38374 | AA9: 52.38374 | AB9: 52.38374 | AC9: 53.52252 | AD9: 53.52252 | AE9: 53.52252 | AF9: 54.6613 | AG9: 54.6613 | AH9: 54.6613 | AI9: 55.80008 | AJ9: 55.80008 | AK9: 55.80008 | AL9: 56.93886 | AM9: 56.93886 | AN9: 56.93886 | AO9: 58.07764 | AP9: 58.07764 | AQ9: 58.07764 | AR9: 59.21642 | AS9: 59.21642 | AT9: 59.21642 | AU9: 60.3552 | AV9: 60.3552 | AW9: 60.3552 | AX9: 61.49398
B10: 145000 | C10: -684.96167 | D10: -684.96167 | E10: -690.55788 | F10: -690.55788 | G10: -690.55788 | H10: -697.03976 | I10: -697.03976 | J10: -697.03976 | K10: -704.05257 | L10: -704.05257 | M10: -704.05257 | N10: -711.44743 | O10: -711.44743 | P10: -711.44743 | Q10: -709.6696 | R10: -709.6696 | S10: -709.6696 | T10: -711.95079 | U10: -711.95079 | V10: -711.95079 | W10: -715.22566 | X10: -715.22566 | Y10: -715.22566 | Z10: -718.78463 | AA10: -718.78463 | AB10: -718.78463 | AC10: -716.78693 | AD10: -716.78693 | AE10: -716.78693 | AF10: -726.115 | AG10: -726.115 | AH10: -726.115 | AI10: -736.61249 | AJ10: -736.61249 | AK10: -736.61249 | AL10: -746.50927 | AM10: -746.50927 | AN10: -746.50927 | AO10: -735.24071 | AP10: -735.24071 | AQ10: -735.24071 | AR10: -723.35103 | AS10: -723.35103 | AT10: -723.35103 | AU10: -715.17841 | AV10: -715.17841 | AW10: -715.17841 | AX10: -704.17147
B11: 164210 | C11: -201.7222 | D11: -188.06694 | E11: -174.37534 | F11: -160.64729 | G11: -146.88268 | H11: -133.08143 | I11: -119.24343 | J11: -138.45358 | K11: -123.8619 | L11: -109.23324 | M11: -100.87985 | N11: -92.5088 | O11: -84.12005 | P11: -75.71356 | Q11: -67.2893 | R11: -58.84722 | S11: -50.38728 | T11: -41.90944 | U11: -33.41366 | V11: -24.90032 | W11: -24.21568 | X11: -24.21568 | Y11: -24.21568 | Z11: -24.21568 | AA11: -24.21568 | AB11: -24.21568 | AC11: -24.21568 | AD11: -23.61542 | AE11: -1022.93 | AF11: -1022.2442 | AG11: -1021.558 | AH11: -1020.8715 | AI11: -1020.1845 | AJ11: -1019.4971 | AK11: -1018.8093 | AL11: -1018.1211 | AM11: -1017.4325 | AN11: -1016.7435 | AO11: -1016.0541 | AP11: -15.36426 | AQ11: -14.67405 | AR11: -13.98344 | AS11: -13.29243 | AT11: -12.60101 | AU11: -11.90919 | AV11: -11.21697 | AW11: -10.52434 | AX11: -9.83131
B12: 164240 | C12: 0 | D12: 0 | E12: -75 | F12: -74.13161 | G12: -73.26264 | H12: -72.39309 | I12: -71.52296 | J12: -70.65225 | K12: -69.78096 | L12: -68.90909 | M12: -68.03664 | N12: -67.16361 | O12: -66.29 | P12: -65.4158 | Q12: -64.54102 | R12: -63.66566 | S12: -62.78971 | T12: -61.91318 | U12: -61.03607 | V12: -60.15837 | W12: -59.28009 | X12: -58.40122 | Y12: -57.52176 | Z12: -56.64172 | AA12: -55.76109 | AB12: -54.87987 | AC12: -53.99807 | AD12: -53.11568 | AE12: -52.2327 | AF12: -51.34913 | AG12: -50.46497 | AH12: -49.58022 | AI12: -48.69488 | AJ12: -47.80895 | AK12: -46.92243 | AL12: -46.03532 | AM12: -45.14762 | AN12: -44.25933 | AO12: -43.37045 | AP12: -42.48097 | AQ12: -41.5909 | AR12: -40.70024 | AS12: -39.80898 | AT12: -38.91713 | AU12: -38.02468 | AV12: -37.13164 | AW12: -36.238 | AX12: -35.34377
B13: 164270 | C13: 0 | D13: 0 | E13: 0 | F13: 0 | G13: 0 | H13: 0 | I13: 0 | J13: 0 | K13: 0 | L13: 0 | M13: 0 | N13: 0 | O13: 0 | P13: 0 | Q13: 0 | R13: 0 | S13: 0 | T13: 0 | U13: 0 | V13: 0 | W13: 0 | X13: 0 | Y13: 0 | Z13: -1000 | AA13: -1000 | AB13: -1000 | AC13: -1000 | AD13: -1000 | AE13: -1000 | AF13: -1000 | AG13: -1000 | AH13: -1000 | AI13: -1000 | AJ13: -1000 | AK13: -1000 | AL13: 0 | AM13: 0 | AN13: 0 | AO13: 0 | AP13: 0 | AQ13: 0 | AR13: 0 | AS13: 0 | AT13: 0 | AU13: 0 | AV13: 0 | AW13: 0 | AX13: 0
B14: 168842 | C14: 0 | D14: 0 | E14: -0.432 | F14: 0 | G14: 0 | H14: -0.323 | I14: 0 | J14: 0 | K14: -0.212 | L14: 0 | M14: 0 | N14: -0.14 | O14: 0 | P14: 0 | Q14: -0.088 | R14: 0 | S14: 0 | T14: -0.035 | U14: 0 | V14: 0 | W14: 0 | X14: 0 | Y14: 0 | Z14: -0.058 | AA14: 0 | AB14: 0 | AC14: 0 | AD14: 0 | AE14: 0 | AF14: -0.014 | AG14: 0 | AH14: 0 | AI14: -0.013 | AJ14: 0 | AK14: 0 | AL14: -0.013 | AM14: 0 | AN14: 0 | AO14: -0.011 | AP14: 0 | AQ14: 0 | AR14: -0.01 | AS14: 0 | AT14: 0 | AU14: -0.009 | AV14: 0 | AW14: 0 | AX14: -0.008
B15: 205100 | C15: 105.44638 | D15: 107.94638 | E15: 107.94638 | F15: 107.94638 | G15: 109.87094 | H15: 109.87094 | I15: 110.61877 | J15: 110.61877 | K15: 110.61877 | L15: 110.61877 | M15: 110.61877 | N15: 107.45277 | O15: 107.45277 | P15: 107.45277 | Q15: 107.45277 | R15: 107.45277 | S15: 107.45277 | T15: 111.13347 | U15: 111.13347 | V15: 111.13347 | W15: 111.13347 | X15: 111.13347 | Y15: 111.13347 | Z15: 97.44902 | AA15: 97.44902 | AB15: 97.44902 | AC15: 97.44902 | AD15: 97.44902 | AE15: 97.44902 | AF15: 97.44902 | AG15: 97.44902 | AH15: 97.44902 | AI15: 97.44902 | AJ15: 103.06402 | AK15: 103.06402 | AL15: 99.22231 | AM15: 99.22231 | AN15: 99.22231 | AO15: 99.22231 | AP15: 99.22231 | AQ15: 106.51231 | AR15: 106.51231 | AS15: 106.51231 | AT15: 106.51231 | AU15: 106.51231 | AV15: 106.51231 | AW15: 106.51231 | AX15: 106.51231
... B473: 791260 | C473: 0 | D473: 0 | E473: 0 | F473: 0 | G473: 0 | H473: 0 | I473: 0 | J473: 0 | K473: 0 | L473: 0 | M473: 0 | N473: 0 | O473: 0 | P473: 0 | Q473: -0.74 | R473: 0 | S473: 0 | T473: 0 | U473: 0 | V473: 0 | W473: 0 | X473: 0 | Y473: 0 | Z473: 0 | AA473: 0 | AB473: 0 | AC473: -3.77547 | AD473: 0 | AE473: 0 | AF473: 0 | AG473: 0 | AH473: -0.90268 | AI473: 0 | AJ473: 0 | AK473: 0 | AL473: 0 | AM473: 0 | AN473: 0 | AO473: 0 | AP473: 0 | AQ473: 0 | AR473: 0 | AS473: 0 | AT473: 0 | AU473: 0 | AV473: 0 | AW473: 0 | AX473: 0

Sheet UPSLIDE_UndoFormatting
A1: 6 | B1: 14

Sheet UPSLIDE_Undo
A1: 6 | B1: 14
